[Event "Late-Titled-Tuesday-Blitz-September-12-2023"]
[Site "Chess.com"]
[Date "2023.09.12"]
[Round "5"]
[White "AungTZ"]
[Black "Athanasios2"]
[Result "0-1"]
[WhiteElo "2092"]
[BlackElo "2708"]
[TimeControl "180+1"]
[EndTime "14:55:50 PDT"]
[Termination "Athanasios2 won on time"]

1. e4 c5 2. Nf3 d6 3. Bb5+ Bd7 4. Bxd7+ Nxd7 5. O-O Ngf6 6. Re1 g6 7. c3 c4 8. b3 b5 9. a4 a6 10. Na3 cxb3 11.
axb5 axb5 12. Qxb3 Bg7 13. d4 O-O 14. Be3 Nxe4 15. Nxb5 Ndf6 16. Rxa8 Qxa8 17. h3 d5 18. c4 dxc4 19. Qxc4 Rc8 20. Qf1 Qd5 21. Rc1 Rb8 22.
Nc7 Qd7 23. Ne5 Qd6 24. Nb5 Qb6 25. Qc4 e6 26. Nc3 Nxc3 27. Qxc3 Nd5 28. Qc6 Qb2 29.
Qc8+ Bf8 30. Qc2 Qb5 31. Ng4 Bg7 32. Ne5 h5 33. Nc6 Re8 34. Bg5 Qb7 35. Be3 Qd7 36. Ne5 Qd6 37. Nf3 Nxe3 38. fxe3 e5 39. dxe5 Bxe5 40.
Nxe5 Qxe5 41. Qc6 Qxe3+ 42. Kh1 Re6 43. Qc8+ Kg7 44. Rf1 Re7 45. Qc6 Qe2 46. Qf6+ Kg8 47. Rf2 Qe1+ 48. Kh2 Qe4 49. Rb2 Re8 50. Rf2 Qd5 51.
Qf4 Rf8 52. Qf6 Qe4 53. Qf4 Qe6 54. Qf6 Qd7 55. Qf4 Re8 56. Qf6 Re4 57. Qf3 Qd6+ 58.
Qg3 Qe6 59. Rb2 Kg7 60. Qc3+ Kh7 61. Rb8 Qd6+ 62. Qg3 Re5 63. Rb3 h4 64. Qxh4+ Kg7 65. Qg3 Qe6 66. Rf3 Re4 67. Qf2 f5 68. h4 Qe5+ 69.
g3 Rxh4+ 70. Kg2 Re4 71. Rf4 Re2 72. Rf3 Rxf2+ 73. Kxf2 Kf6 74. Rf4 g5 75. Rf3 Qd4+ 76. Kg2 g4 77. Rf4 Qd2+ 78. Rf2 Qe3 79. Rf4 Ke5 80. Rf2 Qe4+ 81. Kh2 Qe3 82. Kg2 Qxf2+ 83. Kxf2 Ke4 84. Ke2 Kd4 85. Kd2 Kd5 86. Kd3 Ke5 87.
Ke3 Ke6 88. Kd4 Kf6 89. Ke3 Ke5 90. Kd3 f4 91. gxf4+ Kxf4 92. Ke2 Kg3 93. Kf1 Kh2 94. Kf2 g3+ 95. Kf3 g2 0-1

[Event "Late-Titled-Tuesday-Blitz-September-12-2023"]
[Site "Chess.com"]
[Date "2023.09.12"]
[Round "5"]
[White "TigrVShlyape"]
[Black "LevonAronian"]
[Result "1/2-1/2"]
[WhiteElo "2959"]
[BlackElo "3069"]
[TimeControl "180+1"]
[EndTime "14:56:31 PDT"]
[Termination "Game drawn by 50-move rule"]

1. d4 d5 2. Bf4 c5 3. e3 Nc6 4. c3 cxd4 5. exd4 Bf5 6. Nd2 e6 7. Ngf3 Bd6 8. Bg3 Nge7 9. Nh4 Be4 10. Nxe4 dxe4 11. Qg4 f5 12. Qxg7 Rg8 13. Qh6 Bxg3 14. hxg3 Qd5 15. Qh5+ Kd7 16. Qd1 Kc7 17. Qb3 Qd6 18.
O-O-O Rac8 19. Kb1 Kb8 20. Be2 Nd5 21. c4 Nde7 22. d5 exd5 23. cxd5 Ne5 24. Rc1 Rxc1+ 25. Rxc1 Rd8 26. Rd1 Qc5 27. f3 Qf2 28. Ba6 Qb6 29.
Qxb6 axb6 30. Be2 exf3 31. gxf3 f4 32. gxf4 N5g6 33. d6 Nc6 34. Nxg6 hxg6 35. a3 Rd7 36. Bc4 Nd8 37. Kc2 Kc8 38. Kc3 Rh7 39. Bb5 Nc6 40. Rg1 Rh4 41. Rxg6 Rxf4 42. Rg8+ Kd7 43.
Rg7+ Kxd6 44. Rxb7 Rxf3+ 45. Kd2 Rf2+ 46. Kc1 Nd4 47. Bd3 Nb3+ 48. Kb1 Nc5 49. Rxb6+ Kc7 50.
Rb4 Nxd3 51. Rb5 Kc6 52. a4 Nc5 53. Rb4 Nd3 54. Rb5 Nc5 55. Rb4 Rf3 56. Kc2 Na6 57.
Rb5 Rf4 58. b3 Nb4+ 59. Kc3 Nd5+ 60. Kd3 Rh4 61. Kd2 Rh3 62. Kc2 Rh2+ 63. Kd3 Nf4+ 64. Kd4 Ne6+ 65. Kc3 Nc5 66. Kc4 Rc2+ 67. Kd4 Na6 68.
Kd3 Rc1 69. Kd4 Rh1 70. Kc3 Rh4 71. Kd3 Nc7 72. Rf5 Nd5 73. Rg5 Kc5 74. Rg8 Rh3+ 75.
Kc2 Nb4+ 76. Kd2 Rxb3 77. Rc8+ Kd4 78. Rd8+ Nd5 79. a5 Rb2+ 80. Kd1 Ra2 81. a6 Rxa6 82. Kd2 Ra2+ 83. Kd1 Kc4 84. Ke1 Nf4 85. Rd2 Ra3 86.
Kf2 Nd5 87. Rd1 Nc3 88. Rd8 Ne4+ 89. Ke2 Rh3 90. Rd7 Nc3+ 91. Kf2 Nd5 92. Rd8 Kd4 93. Ke2 Re3+ 94. Kd2 Rf3 95. Ke2 Rf7 96. Kd2 Rf2+ 97.
Ke1 Ra2 98. Kd1 Ke4 99. Kc1 Ne3 100. Rd2 Ra4 101. Rd8 Ra2 102. Rd2 Ra8 103. Rd7 Rc8+ 104. Kb2 Nd5 105. Rh7 Kd3 106. Rh3+ Ne3 107. Kb3 Rb8+ 108. Ka3 Kd4 109. Ka4 Nd5 110. Ka3 Kc4 111. Rh4+ Kd3 112. Rh3+ Ne3 113. Rg3 Kd4 114. Rh3 Nc4+ 115. Ka2 Kc5 116. Rh5+ Kb4 117. Rh3 Ka4 118. Rf3 Rb2+ 119. Ka1 Rh2 120. Rg3 Kb4 121. Kb1 Ne5 122. Kc1 Kc4 123. Kd1 Kd4 124. Rg8 Nd3 125. Rd8+ Ke4 126. Re8+ Ne5 127. Ke1 Kf4 128. Kd1 Nd3 129. Re2 Rh5 130. Kd2 Nc5 131. Kc3 Ne4+ 1/2-1/2

[Event "Late-Titled-Tuesday-Blitz-September-12-2023"]
[Site "Chess.com"]
[Date "2023.09.12"]
[Round "6"]
[White "Joshukid"]
[Black "AungTZ"]
[Result "1-0"]
[WhiteElo "2545"]
[BlackElo "2091"]
[TimeControl "180+1"]
[EndTime "14:58:16 PDT"]
[Termination "Joshukid won by resignation"]

1. c4 e5 2. Nc3 Nf6 3. Nf3 Nc6 4. e4 Bc5 5. Nxe5 Bxf2+ 6. Kxf2 Nxe5 7. d4 Ng6 8. e5 Ng8 9. Bd3 d6 10. exd6 Qxd6 11.
Re1+ N8e7 12. Nb5 Qxh2 13. Rh1 1-0

[Event "Late-Titled-Tuesday-Blitz-September-12-2023"]
[Site "Chess.com"]
[Date "2023.09.12"]
[Round "6"]
[White "leoduarte"]
[Black "ferdipy"]
[Result "1-0"]
[WhiteElo "2457"]
[BlackElo "2270"]
[TimeControl "180+1"]
[EndTime "14:58:16 PDT"]
[Termination "leoduarte won by resignation"]

1. d4 e5 2. dxe5 d6 3. Nf3 Nc6 4. exd6 Bxd6 5. g3 Nge7 6. Bg2 Bf5 7. O-O Qd7 8. Nc3 O-O-O 9. Re1 Qe6 10. e4 Bh3 11. Ng5 Bg4 12. Nxe6 Bxd1 13. Nxd8 1-0

[Event "Late-Titled-Tuesday-Blitz-September-12-2023"]
[Site "Chess.com"]
[Date "2023.09.12"]
[Round "6"]
[White "PNEPaul"]
[Black "MajorCoast"]
[Result "0-1"]
[WhiteElo "1906"]
[BlackElo "2284"]
[TimeControl "180+1"]
[EndTime "14:58:36 PDT"]
[Termination "MajorCoast won by resignation"]

1. e4 c6 2. d4 g6 3. Be3 d5 4. f3 dxe4 5. fxe4 e5 6. Nf3 Bg4 7.
Be2 Bg7 8. d5 cxd5 9. exd5 e4 10. Nd4 Bxe2 11. Qxe2 Qxd5 12. O-O Bxd4 0-1

[Event "Late-Titled-Tuesday-Blitz-September-12-2023"]
[Site "Chess.com"]
[Date "2023.09.12"]
[Round "6"]
[White "Chessdreamer2020"]
[Black "zeitnot2006"]
[Result "0-1"]
[WhiteElo "2524"]
[BlackElo "2754"]
[TimeControl "180+1"]
[EndTime "14:58:46 PDT"]
[Termination "zeitnot2006 won by resignation"]

1. e4 c5 2. Nf3 Nc6 3. Bb5 Qb6 4. Nc3 e6 5. O-O Nge7 6. Re1 a6 7. Bf1 Ng6 8. b3 Bd6 9. Bb2 O-O 10. g3 Qc7 11. Bg2 b5 12. d4 cxd4 13. Nxd4 Nxd4 14. Qxd4 Be5 15. Nxb5 axb5 16. Qxe5 Nxe5 17. Bxe5 Qxe5 0-1

[Event "Late-Titled-Tuesday-Blitz-September-12-2023"]
[Site "Chess.com"]
[Date "2023.09.12"]
[Round "6"]
[White "chess94cu"]
[Black "HajiyevKanan"]
[Result "1-0"]
[WhiteElo "2685"]
[BlackElo "2508"]
[TimeControl "180+1"]
[EndTime "14:58:52 PDT"]
[Termination "chess94cu won by resignation"]

1. e4 c6 2. c4 d5 3. exd5 cxd5 4. d4 Nf6 5. Nc3 e6 6. Nf3 Bb4 7. cxd5 Nxd5 8. Qc2 Nc6 9. Bd3 Nf6 10. O-O O-O 11.
Rd1 b6 12. Ne4 Bb7 13. Nxf6+ Qxf6 14. Bg5 Nxd4 15. Bxh7+ Kh8 16. Rxd4 1-0

[Event "Late-Titled-Tuesday-Blitz-September-12-2023"]
[Site "Chess.com"]
[Date "2023.09.12"]
[Round "6"]
[White "Gogolev_Artemy"]
[Black "hellokostya"]
[Result "0-1"]
[WhiteElo "2409"]
[BlackElo "2595"]
[TimeControl "180+1"]
[EndTime "14:59:19 PDT"]
[Termination "hellokostya won by resignation"]

1. d4 Nf6 2. Nc3 d5 3. Bf4 g6 4.
e3 Bg7 5. h4 h5 6. Be2 O-O 7.
Nf3 c5 8. Ne5 Nc6 9. f3 cxd4 10.
exd4 Bf5 11. Qd2 Rc8 12. g4 hxg4 13. fxg4 Ne4 14. Nxe4 Bxe4 15. Rg1 Nxe5 16. dxe5 Rxc2 0-1

[Event "Late-Titled-Tuesday-Blitz-September-12-2023"]
[Site "Chess.com"]
[Date "2023.09.12"]
[Round "6"]
[White "picturesquecheck"]
[Black "Noki102"]
[Result "0-1"]
[WhiteElo "2329"]
[BlackElo "2433"]
[TimeControl "180+1"]
[EndTime "15:00:04 PDT"]
[Termination "Noki102 won by resignation"]

1. e4 e5 2. Nf3 Nc6 3. Bc4 Nf6 4. Ng5 d5 5. exd5 Na5 6. Bb5+ c6 7. dxc6 bxc6 8. Bd3 Nd5 9. Nf3 Bd6 10. O-O O-O 11. Re1 f5 12. Nxe5 Qf6 13. Nf3 g5 14. c4 Nf4 15. Bf1 g4 16. d4 gxf3 17. Qxf3 Ne6 18.
Qc3 Qh4 19. h3 c5 20. Qxa5 Nxd4 21. Rd1 f4 22. Rxd4 cxd4 23. Qd5+ Kh8 24. Qxa8 f3 25. g3 Bxg3 26. fxg3 Qxg3+ 27. Kh1 Rg8 0-1

[Event "Late-Titled-Tuesday-Blitz-September-12-2023"]
[Site "Chess.com"]
[Date "2023.09.12"]
[Round "6"]
[White "VitorBronson"]
[Black "Aleksandar-Topalov"]
[Result "0-1"]
[WhiteElo "2528"]
[BlackElo "2371"]
[TimeControl "180+1"]
[EndTime "15:00:08 PDT"]
[Termination "Aleksandar-Topalov won by resignation"]

1. e4 e6 2. d4 d5 3. Nc3 Bb4 4. e5 Qd7 5. Qg4 Bf8 6. Bd3 b6 7. h4 h5 8. Qg3 Ba6 9. Bd2 Bxd3 10. Qxd3 c5 11. dxc5 bxc5 12. Nh3 Nc6 13. f4 Nb4 14.
Qb5 Nxc2+ 15. Kf2 Nxa1 16. Rxa1 Qxb5 17. Nxb5 Kd7 18. Ng5 Nh6 19. Nc3 Be7 20. Nf3 Nf5 21. g3 Rab8 22. b3 Rhc8 23. Rc1 c4 24. Ne2 cxb3 25.
Rxc8 Kxc8 26. axb3 Rxb3 27. Nfd4 Nxd4 28. Nxd4 Rd3 29. Be3 Rxe3 30. Kxe3 Bc5 31. Kd3 Bxd4 32. Kxd4 g6 33. Kc5 Kc7 34. Kb5 Kb7 35. Kc5 a6 36. Kd6 d4 37. Kd7 d3 38. Ke7 d2 39.
Kxf7 d1=Q 40. Kf6 Qg4 41. f5 Qxf5+ 0-1

[Event "Late-Titled-Tuesday-Blitz-September-12-2023"]
[Site "Chess.com"]
[Date "2023.09.12"]
[Round "6"]
[White "sofaceindisguise"]
[Black "chessisveryfun1264"]
[Result "1-0"]
[WhiteElo "2781"]
[BlackElo "2537"]
[TimeControl "180+1"]
[EndTime "15:00:19 PDT"]
[Termination "sofaceindisguise won by resignation"]

1. d4 e6 2. c4 b6 3. Nc3 Bb4 4. Bd2 Bb7 5. Nf3 f5 6. a3 Bxc3 7. Bxc3 Nf6 8. Nd2 O-O 9. e3 d6 10. f3 c5 11. Bd3 Nc6 12. O-O f4 13. d5 Ne7 14. Ne4 Nxe4 15. Bxe4 e5 16. exf4 Rxf4 17.
Qd3 h6 18. g3 Rf6 19. f4 Qd7 20. fxe5 Rxf1+ 21. Rxf1 dxe5 22. Bxe5 Re8 23. Bc3 Qd6 24.
Qf3 Rd8 25. Qf7+ 1-0

[Event "Late-Titled-Tuesday-Blitz-September-12-2023"]
[Site "Chess.com"]
[Date "2023.09.12"]
[Round "6"]
[White "reevecanada"]
[Black "KamlaPasand"]
[Result "0-1"]
[WhiteElo "2487"]
[BlackElo "2296"]
[TimeControl "180+1"]
[EndTime "15:00:44 PDT"]
[Termination "KamlaPasand won by resignation"]

1. e4 e5 2. Nf3 Nc6 3. d4 exd4 4. Nxd4 Bc5 5. Nb3 Bb6 6. Nc3 Nf6 7. Qe2 d6 8. Be3 O-O 9. O-O-O Be6 10. f3 Bxe3+ 11. Qxe3 a5 12. g4 a4 13. Nd4 Nxd4 14. Rxd4 a3 15. b3 Nd7 16. h4 f6 17. Be2 Bf7 18. f4 Nc5 19. h5 Qe7 20. g5 fxg5 21. fxg5 g6 22. hxg6 Bxg6 23. Nd5 Qe5 24. c3 Nxe4 25.
Bd3 Nf2 26. Ne7+ Kg7 27. Qxe5+ dxe5 28. Rd7 Nxd3+ 29. Kd2 Rfd8 30. Rxc7 Nf2+ 31. Nd5+ Kh8 32.
c4 Nxh1 33. Ke3 Ng3 34. Rxb7 Ne4 35. b4 Nxg5 36. Nf6 0-1

[Event "Late-Titled-Tuesday-Blitz-September-12-2023"]
[Site "Chess.com"]
[Date "2023.09.12"]
[Round "6"]
[White "Igor_Lysyj"]
[Black "TERMINATOR_PC"]
[Result "0-1"]
[WhiteElo "2825"]
[BlackElo "2554"]
[TimeControl "180+1"]
[EndTime "15:00:46 PDT"]
[Termination "TERMINATOR_PC won by resignation"]

1. d4 Nf6 2. Nf3 e6 3. c4 Bb4+ 4. Bd2 a5 5. g3 d6 6. Bg2 Nbd7 7. O-O e5 8. Be3 exd4 9. Bxd4 O-O 10. a3 Bc5 11. Nc3 Bxd4 12. Nxd4 Nb6 13. Qd3 Nfd7 14. b3 a4 15. Nxa4 Nxa4 16. bxa4 Nc5 17. Qc2 Rxa4 18.
Nb3 Nxb3 19. Qxb3 Ra7 20. a4 b6 21. Qc3 Ra5 22. Rfd1 Bd7 23. Qb4 Re8 24. e3 Qf6 25. Ra2 h6 26. h4 Ree5 27. Rd5 Be6 28. Rb5 Rexb5 0-1

[Event "Late-Titled-Tuesday-Blitz-September-12-2023"]
[Site "Chess.com"]
[Date "2023.09.12"]
[Round "6"]
[White "Zkid"]
[Black "Mikasinski"]
[Result "1-0"]
[WhiteElo "2924"]
[BlackElo "2673"]
[TimeControl "180+1"]
[EndTime "15:01:00 PDT"]
[Termination "Zkid won by resignation"]

1. e4 c5 2. Nf3 d6 3. d4 cxd4 4. Nxd4 Nf6 5. f3 e5 6. Nb3 d5 7. Bg5 d4 8. c3 Nc6 9. Bb5 dxc3 10.
Qxd8+ Kxd8 11. Nxc3 Bd7 12. O-O-O Ke8 13. Bxf6 gxf6 14.
Nd5 Rc8 15. Nxf6+ Ke7 16. Nxd7 Nd4+ 17. Kb1 Nxb5 18. Nxf8 Rhxf8 19. Rd5 a6 20. Rxe5+ Kf6 21.
Rd5 Rfd8 22. Rhd1 Rxd5 23. Rxd5 b6 24. a4 Nc7 25. Rd6+ Ne6 26. Rxb6 Ke5 27. Rxa6 Kf4 28. Ra5 Ke3 29. Rf5 Rc7 30. a5 Kf2 31. g4 Kg2 32. h4 Kg3 33. h5 Nf4 34. Nd4 Rd7 35. Nc6 Rd1+ 36. Ka2 Kxf3 37. a6 1-0

[Event "Late-Titled-Tuesday-Blitz-September-12-2023"]
[Site "Chess.com"]
[Date "2023.09.12"]
[Round "6"]
[White "pirulillo"]
[Black "ChessDokmus"]
[Result "0-1"]
[WhiteElo "2320"]
[BlackElo "2202"]
[TimeControl "180+1"]
[EndTime "15:01:11 PDT"]
[Termination "ChessDokmus won by resignation"]

1. e4 c5 2. Nf3 Nc6 3. b4 Nxb4 4. c3 Nc6 5. d4 cxd4 6. cxd4 d5 7. exd5 Qxd5 8. Nc3 Qa5 9. Rb1 Qxc3+ 10. Bd2 Qa3 11. d5 e6 12. dxc6 bxc6 13. Qc2 Qc5 14. Qa4 Nf6 15. Rc1 Qd5 16. Bc4 Qe4+ 17. Be3 Bc5 18. O-O Bxe3 19. fxe3 Qxe3+ 20. Kh1 O-O 21. Qxc6 Bd7 22. Qa6 Rfc8 23. Bb3 Rxc1 0-1

[Event "Late-Titled-Tuesday-Blitz-September-12-2023"]
[Site "Chess.com"]
[Date "2023.09.12"]
[Round "6"]
[White "bazar-wokzal"]
[Black "micke12a"]
[Result "1-0"]
[WhiteElo "2576"]
[BlackElo "2394"]
[TimeControl "180+1"]
[EndTime "15:01:12 PDT"]
[Termination "bazar-wokzal won by checkmate"]

1. e4 c5 2. c3 e6 3. d4 d5 4. e5 Nc6 5. Nf3 cxd4 6. cxd4 Bb4+ 7. Nc3 Nge7 8. Bd3 Qb6 9. O-O O-O 10.
Bxh7+ Kxh7 11. Ng5+ Kg6 12. h4 Qxd4 13. h5+ Kf5 14.
Qf3+ Kxe5 15. Nb5 Qh4 16. g3 Qc4 17. Bf4+ Kf6 18. Nh7+ Kf5 19. g4# 1-0

[Event "Late-Titled-Tuesday-Blitz-September-12-2023"]
[Site "Chess.com"]
[Date "2023.09.12"]
[Round "6"]
[White "Siemba"]
[Black "Korchmar_Vasiliy"]
[Result "0-1"]
[WhiteElo "2512"]
[BlackElo "2701"]
[TimeControl "180+1"]
[EndTime "15:01:22 PDT"]
[Termination "Korchmar_Vasiliy won by resignation"]

1. Nf3 d5 2. g3 g6 3. Bg2 Bg7 4. d4 Nf6 5. O-O c6 6. a4 O-O 7.
a5 Bf5 8. Nbd2 Qc8 9. Nb3 Bh3 10. Bf4 Bxg2 11. Kxg2 Nbd7 12. Ne5 Nh5 13. e3 Nxe5 14. Bxe5 f6 15. Bf4 e5 16. dxe5 fxe5 17. Bg5 Qf5 18. Be7 Rf7 19. g4 Qe4+ 20. Kg1 Rxe7 21. gxh5 Rf8 22. hxg6 Qxg6+ 23. Kh1 Qe4+ 24. f3 Qxe3 25. Ra4 Ref7 26. Nd2 Bh6 27. Rg4+ Kh8 28. Rg2 e4 29.
fxe4 Qxd2 0-1

[Event "Late-Titled-Tuesday-Blitz-September-12-2023"]
[Site "Chess.com"]
[Date "2023.09.12"]
[Round "6"]
[White "AleksandrAleksikov"]
[Black "Chessdemon2019"]
[Result "0-1"]
[WhiteElo "2239"]
[BlackElo "2385"]
[TimeControl "180+1"]
[EndTime "15:01:22 PDT"]
[Termination "Chessdemon2019 won by resignation"]

1. e4 c5 2. Nf3 d6 3. d4 cxd4 4.
Nxd4 Nf6 5. Nc3 a6 6. Be2 e5 7.
Nb3 Be6 8. O-O Be7 9. f4 Nc6 10. f5 Bxb3 11. axb3 h6 12. Kh1 b5 13.
Be3 O-O 14. Bf3 Qc7 15. g4 b4 16. Nd5 Nxd5 17. Qxd5 Bg5 18. Bg1 Ne7 19. Qd3 Rfc8 20.
Rf2 Nc6 21. Re2 Nd4 22. Bxd4 exd4 23. Qxd4 Bf6 24. Qxb4 Bxb2 25. Rd1 Be5 26. Rd3 a5 27. Qa4 Qe7 28. c4 Qg5 29. Qa3 a4 30. bxa4 Rxc4 31. Rd1 Rc3 0-1

[Event "Late-Titled-Tuesday-Blitz-September-12-2023"]
[Site "Chess.com"]
[Date "2023.09.12"]
[Round "6"]
[White "angryspacevoid"]
[Black "GMKrikor"]
[Result "1-0"]
[WhiteElo "2573"]
[BlackElo "2869"]
[TimeControl "180+1"]
[EndTime "15:01:32 PDT"]
[Termination "angryspacevoid won by resignation"]

1. e4 e6 2. d4 d5 3. Nc3 Nf6 4.
e5 Nfd7 5. f4 c5 6. Nf3 Nc6 7.
Be3 cxd4 8. Nxd4 Qb6 9. Qd2 Qxb2 10. Rb1 Qa3 11. Bb5 Nxd4 12. Bxd4 a6 13. Bxd7+ Bxd7 14. Rb3 Qe7 15. Rxb7 Qh4+ 16. Bf2 Qd8 17. O-O Qc8 18.
Rfb1 Bc5 19. Bxc5 Qxc5+ 20. Kh1 O-O-O 21. Qd3 Qc4 22. Qe3 d4 23. Rb8+ Kc7 24. R1b7+ Kc6 25. Qe4+ 1-0

[Event "Late-Titled-Tuesday-Blitz-September-12-2023"]
[Site "Chess.com"]
[Date "2023.09.12"]
[Round "6"]
[White "Eloist"]
[Black "Giantgoogachess"]
[Result "1-0"]
[WhiteElo "2498"]
[BlackElo "2381"]
[TimeControl "180+1"]
[EndTime "15:01:40 PDT"]
[Termination "Eloist won by resignation"]

1. e4 c5 2. Nf3 e6 3. d4 cxd4 4. Nxd4 a6 5. Bd3 Bc5 6. Nb3 Ba7 7. O-O Ne7 8. Qe2 O-O 9. Be3 Nbc6 10. Bxa7 Rxa7 11. f4 Nb4 12. Nc3 Nxd3 13. cxd3 f5 14. Qe3 Ra8 15. Rac1 b6 16. Na4 Rb8 17. Rc2 b5 18. Nac5 Ng6 19. e5 Ne7 20. Qd2 Nd5 21.
Na5 Rf7 22. b4 h6 23. d4 g5 24. fxg5 hxg5 25. Nd3 Rh7 26. Rfc1 Kf7 27. Rc5 Qh8 28.
g3 Bb7 29. Nxb7 Rxb7 30. Rxd5 exd5 31. Qxg5 Rxh2 32. Qxf5+ Ke7 33. Qf6+ 1-0

[Event "Late-Titled-Tuesday-Blitz-September-12-2023"]
[Site "Chess.com"]
[Date "2023.09.12"]
[Round "6"]
[White "CrushingKings"]
[Black "checkmatequen"]
[Result "1-0"]
[WhiteElo "2512"]
[BlackElo "2342"]
[TimeControl "180+1"]
[EndTime "15:01:48 PDT"]
[Termination "CrushingKings won by checkmate"]

1. Nf3 Nf6 2. g3 d5 3. Bg2 e6 4.
O-O Be7 5. c4 O-O 6. b3 c6 7.
Bb2 Nbd7 8. d4 b6 9. Nc3 Bb7 10. Qc2 Rc8 11. Rfd1 c5 12. cxd5 Nxd5 13. dxc5 Bxc5 14.
Rac1 Qe7 15. Qb1 N7f6 16. Nb5 a6 17. Nbd4 Ne4 18. Qxe4 Nc3 19. Qg4 Nxd1 20. Nf5 Bxf2+ 21. Kh1 Bd4 22. Nxe7+ Kh8 23. Qxd4 Rcd8 24. Qxg7# 1-0

[Event "Late-Titled-Tuesday-Blitz-September-12-2023"]
[Site "Chess.com"]
[Date "2023.09.12"]
[Round "6"]
[White "thedjoker98"]
[Black "sergiochess83"]
[Result "0-1"]
[WhiteElo "2620"]
[BlackElo "2916"]
[TimeControl "180+1"]
[EndTime "15:01:51 PDT"]
[Termination "sergiochess83 won by resignation"]

1. d4 Nf6 2. c4 g6 3. Nc3 d5 4. e3 Bg7 5. Qb3 e6 6. Qa3 b6 7. Nf3 Bb7 8. cxd5 exd5 9. Bb5+ c6 10. Be2 Nbd7 11. O-O Bf8 12. Qb3 Bd6 13. Bd2 O-O 14.
Rac1 Re8 15. Rfd1 Qe7 16. a3 h5 17. Na2 a5 18. Nc3 b5 19. Be1 Nb6 20. a4 b4 21.
Nb1 Ne4 22. Nbd2 f5 23. Qa2 Kh7 24. Nb3 f4 25. exf4 Bxf4 26. Rc2 Qf6 27. Nc5 Nxc5 28.
Rxc5 Rxe2 0-1

[Event "Late-Titled-Tuesday-Blitz-September-12-2023"]
[Site "Chess.com"]
[Date "2023.09.12"]
[Round "6"]
[White "carloseduar100"]
[Black "gunslinger222"]
[Result "1-0"]
[WhiteElo "2283"]
[BlackElo "2399"]
[TimeControl "180+1"]
[EndTime "15:01:51 PDT"]
[Termination "carloseduar100 won by resignation"]

1. e4 e6 2. d3 d5 3. Nd2 c5 4. g3 Nc6 5. Bg2 Bd6 6. Ngf3 Nge7 7. O-O Qc7 8. c3 Bd7 9. Qe2 f6 10. a3 a5 11. Re1 O-O 12. d4 Rae8 13. e5 fxe5 14.
dxe5 Nxe5 15. Nxe5 Bb5 16. c4 dxc4 17. Ndxc4 Nd5 18. f4 g5 19. Qg4 Bxe5 20. Nxe5 Qg7 21. Qxg5 Qxg5 22. fxg5 Rf5 23. Ng4 Ref8 1-0

[Event "Late-Titled-Tuesday-Blitz-September-12-2023"]
[Site "Chess.com"]
[Date "2023.09.12"]
[Round "6"]
[White "DryCounty"]
[Black "Beca95"]
[Result "0-1"]
[WhiteElo "2657"]
[BlackElo "2950"]
[TimeControl "180+1"]
[EndTime "15:02:04 PDT"]
[Termination "Beca95 won by resignation"]

1. e4 e5 2. Nf3 Nc6 3. Bb5 Bc5 4. c3 Nf6 5. O-O O-O 6. d4 Bb6 7. d5 Ne7 8. Re1 d6 9. Bg5 c6 10. Bxf6 gxf6 11. Bc4 Kh8 12. Nh4 f5 13. Nxf5 Nxf5 14. exf5 Bxf5 15. Qf3 Bg6 16. Nd2 f5 17. Qh3 e4 18.
Nf1 f4 19. Rad1 Qf6 20. Bb3 Rae8 21. Qh6 Re5 22. dxc6 bxc6 23. Qh3 d5 24. Bc2 Bf5 25. g4 Bxg4 0-1

[Event "Late-Titled-Tuesday-Blitz-September-12-2023"]
[Site "Chess.com"]
[Date "2023.09.12"]
[Round "6"]
[White "LevonAronian"]
[Black "BlueWizzard"]
[Result "1-0"]
[WhiteElo "3074"]
[BlackElo "2947"]
[TimeControl "180+1"]
[EndTime "15:02:06 PDT"]
[Termination "LevonAronian won by resignation"]

1. e4 c5 2. Nf3 d6 3. c3 Nf6 4.
Be2 Bd7 5. d3 Bc6 6. O-O Nbd7 7.
Be3 Ng4 8. Bg5 h6 9. Bh4 g5 10. Bg3 Rg8 11. Nfd2 Ngf6 12. Na3 b5 13. d4 cxd4 14.
cxd4 b4 15. Nac4 Nxe4 16. Nxe4 Bxe4 17. Re1 d5 18. Nd2 Bf5 19. Bb5 e6 20. Rc1 Rc8 21. Qa4 Ke7 22. Qxa7 Bg7 23. Nb3 Rxc1 24. Rxc1 e5 25. Rc7 Kd6 26. dxe5+ Bxe5 27. Rc6+ 1-0

[Event "Late-Titled-Tuesday-Blitz-September-12-2023"]
[Site "Chess.com"]
[Date "2023.09.12"]
[Round "6"]
[White "Arteler"]
[Black "traack"]
[Result "1-0"]
[WhiteElo "2480"]
[BlackElo "2360"]
[TimeControl "180+1"]
[EndTime "15:02:08 PDT"]
[Termination "Arteler won by resignation"]

1. e4 c5 2. Nf3 e6 3. c3 Nf6 4. e5 Nd5 5. d4 cxd4 6. cxd4 d6 7. Bc4 Be7 8. O-O O-O 9. Nc3 Nxc3 10. bxc3 Nd7 11.
Qe2 Qc7 12. Bf4 dxe5 13. dxe5 b6 14. Nd4 Bb7 15. Rac1 Rac8 16. Bd3 Nc5 17. Bb1 Rfd8 18. Qg4 Bf8 19. Bg5 Rd5 20. f4 Na4 21. Be4 Rc5 22.
Bxb7 Qxb7 23. f5 exf5 24. Nxf5 Rxe5 25. Qxa4 Re2 26. Qg4 Rc4 27. Qxe2 1-0

[Event "Late-Titled-Tuesday-Blitz-September-12-2023"]
[Site "Chess.com"]
[Date "2023.09.12"]
[Round "6"]
[White "valemava"]
[Black "Maksimus1998"]
[Result "0-1"]
[WhiteElo "2362"]
[BlackElo "2566"]
[TimeControl "180+1"]
[EndTime "15:02:09 PDT"]
[Termination "Maksimus1998 won by resignation"]

1. c4 e5 2. a3 g6 3. b4 Bg7 4. Bb2 a5 5. b5 c6 6. d4 d6 7. dxe5 Bxe5 8. Bxe5 dxe5 9. Qxd8+ Kxd8 10. Nf3 f6 11.
Nc3 Be6 12. e3 Nd7 13. Ne4 Kc7 14. c5 cxb5 15. Bxb5 Bd5 16. O-O-O Bc6 17. a4 Ne7 18.
Kb2 Rad8 19. Nd6 Nxc5 20. Nf7 Rxd1 21. Rxd1 Rf8 22. Rc1 Nxa4+ 23. Bxa4 Rxf7 24. Nd2 Rf8 25. e4 Rd8 26. Nb3 Kb6 27. Nc5 Rd2+ 28. Kc3 Rxf2 29.
Kd3 Rxg2 30. Bd1 Rxh2 31. Ke3 Rh3+ 32. Kf2 f5 33. Ne6 Bxe4 34. Ng5 Rh2+ 35. Kg3 Rg2+ 36.
Kh3 Rxg5 37. Ba4 f4 38. Rc3 Rg3+ 39. Rxg3 fxg3 40. Kxg3 Kc5 0-1

[Event "Late-Titled-Tuesday-Blitz-September-12-2023"]
[Site "Chess.com"]
[Date "2023.09.12"]
[Round "6"]
[White "cukin84"]
[Black "Roberz12"]
[Result "1-0"]
[WhiteElo "2245"]
[BlackElo "2415"]
[TimeControl "180+1"]
[EndTime "15:02:09 PDT"]
[Termination "cukin84 won on time"]

1. e4 e6 2. d4 c5 3. d5 exd5 4. exd5 d6 5. Nf3 g6 6. Bf4 Bg7 7. Nc3 Ne7 8. Bb5+ Bd7 9. Qe2 O-O 10. O-O a6 11. Bd3 Bg4 12. h3 Bxf3 13. Qxf3 b5 14. Rae1 c4 15. Be2 Nf5 16. Bd1 Nd7 17. g4 Nd4 18. Qg3 Ne5 19. Be3 Nd7 20. Qxd6 Be5 21.
Qa3 Qb6 22. Qe7 1-0

[Event "Late-Titled-Tuesday-Blitz-September-12-2023"]
[Site "Chess.com"]
[Date "2023.09.12"]
[Round "6"]
[White "Alex_Banzea"]
[Black "platy3"]
[Result "0-1"]
[WhiteElo "2655"]
[BlackElo "2893"]
[TimeControl "180+1"]
[EndTime "15:02:10 PDT"]
[Termination "platy3 won by resignation"]

1. d4 Nf6 2. Nc3 d5 3. Bf4 c6 4. e3 Bf5 5. f3 h5 6. Bd3 Bxd3 7. Qxd3 Nbd7 8. Nge2 e6 9. e4 Qb6 10. O-O-O Be7 11.
Kb1 a5 12. e5 Ng8 13. g4 h4 14.
Bc1 Qa6 15. h3 Qxd3 16. cxd3 b5 17. f4 Bd8 18. f5 Ne7 19. Rhf1 Bb6 20. Be3 Nxe5 21.
dxe5 Bxe3 22. d4 Kd7 23. f6 gxf6 24. Rxf6 Raf8 25. Rdf1 Ke8 26. Nc1 Bxd4 27. Nd3 Ng6 28. Re1 Ke7 29. Rf3 f6 30. exf6+ Rxf6 31. Rf5 Kd6 32.
Rxf6 Bxf6 33. Rf1 Rf8 34. Ne2 Bg5 0-1